Map: Орбитальная верфь

Players

GoodGameRU - Winner!

  • Race: Terran Terran

anfree

  • Race: Terran Terran

VOD

Have the link to the VOD?

Description

Time

  • Played on: April 18, 2015, 12:23 p.m.
  • Length: 22:38
Show
View Real Time Build Order
Export as new Build Order

GoodGameRU Terran - Winner!

Build Orders: Reaper Expand, Mech 

Get SALT Encoding   

  12  0:01  SCV  
  13  0:13  SCV  
  14  0:19  Supply Depot  
  14  0:25  SCV  
  15  0:42  SCV, Barracks  
  16  0:45  Refinery  
  16  0:54  SCV  
  17  1:08  SCV  
  18  1:20  SCV  
  19  1:29  Reaper  
  19  1:32  Orbital Command  
  20  1:52  Command Center  
  20  1:58  SCV  
  20  2:02  Supply Depot  
  20  2:09  Factory  
  20  2:15  SCV  
  21  2:25  Barracks Reactor  
  21  2:26  Refinery  
  21  2:28  SCV  
  21  2:52  SCV  
  22  2:58  Command Center  
  22  3:05  Factory  
  22  3:07  SCV  
  22  3:09  Orbital Command  
  23  3:17  Hellion  
  25  3:23  SCV  
  26  3:30  Hellion  
  26  3:31  Barracks Tech Lab  
  28  3:34  SCV  
  28  3:36  SCV  
  28  3:39  Hellion  
  32  3:46  SCV  
  33  3:49  SCV  
  34  3:57  Hellion  
  34  4:01  Cyclone, Infernal Pre-Igniter  
  39  4:03  SCV x2  
  41  4:13  Orbital Command  
  41  4:18  SCV x2  
  41  4:20  Hellion x2  
  47  4:32  Factory  
  47  4:43  Orbital Command  
  47  4:45  SCV x2  
  49  4:50  Factory, Refinery  
  49  4:51  Refinery  
  49  4:53  Hellion x2  
  49  4:54  Hellion  
  49  4:57  SCV x2  
  49  4:58  Supply Depot  
  49  4:59  Supply Depot  
  53  5:15  SCV x3  
  53  5:18  Factory Tech Lab  
  56  5:22  Siege Tank  
  56  5:27  SCV x3  
  66  5:28  Hellion x2  
  66  5:31  Armory  
  66  5:39  SCV x2  
  68  5:43  Siege Tank  
  68  5:44  SCV  
  68  5:47  Factory Tech Lab  
  68  5:48  Supply Depot  
  72  5:51  SCV  
  72  5:52  SCV  
  72  5:53  Refinery x2  
  72  5:56  Supply Depot, Siege Tank  
  77  5:57  Supply Depot  
  77  6:10  SCV, Hellion x2, Siege Tank  
  85  6:17  SCV x2  
  87  6:28  Siege Tank  
  87  6:30  Starport  
  87  6:31  Hellion x2  
  87  6:32  SCV x3, Hellion  
  99  6:37  Supply Depot x2, Engineering Bay  
  99  6:41  Barracks Reactor  
  99  6:44  SCV x2  
  101  6:53  Terran Vehicle and Ship Weapons Level 1  
  101  6:59  SCV, Siege Tank  
  101  7:00  Hellion x2, Siege Tank  
  112  7:01  Siege Tank  
  112  7:02  SCV x2  
  112  7:07  Missile Turret  
  117  7:09  Missile Turret  
  117  7:19  SCV, Supply Depot  
  117  7:20  Supply Depot  
  117  7:22  SCV x2, Missile Turret  
  120  7:23  Missile Turret x2  
  120  7:29  Hellion  
  124  7:30  Hellion  
  124  7:31  SCV  
  125  7:41  Siege Tank  
  128  7:45  Viking  
  128  7:46  Viking  
  128  7:48  Siege Tank x2  
  128  7:49  SCV  
  128  7:51  SCV  
  140  8:17  Command Center, SCV  
  141  8:26  SCV x2  
  141  8:27  Hellion x3  
  98  8:38  Siege Tank  
  98  8:39  Viking, Siege Tank  
  98  8:40  Viking  
  98  8:41  SCV x3  
  99  8:48  Siege Tank  
  102  8:50  Hellion  
  102  8:51  Hellion  
  102  8:53  SCV x2  
  102  8:54  Terran Vehicle and Ship Weapons Level 2  
  108  8:56  SCV  
  109  9:05  SCV x2  
  111  9:10  SCV  
  111  9:11  Viking x2  
  111  9:12  Siege Tank  
  111  9:13  Hellion, Siege Tank  
  111  9:14  Hellion  
  126  9:17  SCV  
  127  9:25  Siege Tank  
  127  9:44  Siege Tank  
  129  10:04  Hellion, Siege Tank x2  
  129  10:05  Hellion, Viking x2  
  143  10:07  SCV x2  
  143  10:08  SCV  
  143  10:19  SCV  
  118  10:31  Hellion x2, Siege Tank  
  119  10:36  Hellion, Siege Tank  
  119  10:37  SCV x3  
  119  10:38  Viking  
  119  10:39  Viking  
  127  10:54  Hellion x2  
  131  11:02  Refinery  
  131  11:03  Supply Depot, Refinery  
  131  11:05  Supply Depot x3, Siege Tank  
  131  11:06  Siege Tank  
  131  11:07  Supply Depot, Barracks Reactor  
  131  11:08  Siege Tank  
  140  11:13  SCV x3  
  140  11:14  Planetary Fortress  
  143  11:28  Hellbat x2  
  143  11:29  Medivac x2  
  143  11:31  SCV x3  
  154  11:37  Thor x2, Missile Turret  
  154  11:38  Missile Turret x2  
  166  11:40  Thor  
  172  11:51  Hellbat x2  
  172  11:52  Terran Vehicle and Ship Weapons Level 3  
  176  12:01  Medivac x2  
  180  12:04  Command Center  
  180  12:20  Orbital Command  
  150  12:30  Thor  
  150  12:31  Thor x2  
  150  12:33  Hellbat x2  
  150  12:34  SCV  
  150  12:35  SCV x2  
  163  12:42  Viking x2  
  145  13:03  Refinery  
  139  13:06  Refinery, Hellbat x2  
  143  13:23  Siege Tank x3  
  143  13:24  Viking x2  
  156  13:41  Refinery  
  156  13:43  Hellbat x2  
  156  13:46  Refinery  
  160  13:51  Planetary Fortress  
  160  13:54  Viking  
  160  13:55  Siege Tank  
  167  13:56  Hellbat x2  
  167  13:59  Viking  
  171  14:05  Hellbat x2  
  175  14:14  Starport x2  
  175  14:19  Siege Tank x2, Starport  
  175  14:22  Command Center  
  175  14:24  Viking, Refinery x2  
  183  14:27  Siege Tank  
  178  14:41  Hellbat x2  
  168  14:51  Siege Tank x2  
  155  14:59  Siege Tank  
  149  15:02  Viking  
  149  15:04  Starport  
  151  15:13  Hellbat x2  
  155  15:23  Siege Tank x2  
  161  15:31  Siege Tank  
  161  15:34  Hellbat  
  154  15:36  Refinery  
  154  15:37  Command Center  
  154  15:38  Viking x2, Hellbat  
  154  15:40  Refinery  
  144  15:55  Siege Tank, Hellbat  
  138  16:01  Starport Tech Lab  
  132  16:06  Thor, Hellbat x2  
  132  16:10  Starport Tech Lab  
  138  16:17  Hellbat  
  140  16:19  Orbital Command  
  140  16:22  Starport Tech Lab  
  138  16:27  Hellbat  
  138  16:28  Hellbat  
  140  17:03  Banshee x3  
  140  17:05  Hellbat x2  
  140  17:06  Hellbat x3  
  159  17:10  Fusion Core  
  152  17:27  Hellbat x2  
  152  17:28  Siege Tank x2  
  152  17:29  Viking x2, Siege Tank  
  131  17:39  SCV x4  
  135  17:46  Banshee x2  
  142  17:51  SCV  
  142  17:59  Planetary Fortress  
  142  18:00  Siege Tank  
  142  18:01  Siege Tank  
  130  18:09  Battlecruiser  
  130  18:11  Hellbat x2  
  140  18:21  Siege Tank  
  140  18:26  Terran Vehicle And Ship Armor Level 1  
  143  18:29  Battlecruiser x2  
  143  18:32  Siege Tank  
  143  18:33  Siege Tank  
  144  18:42  Orbital Command  
  144  18:44  Viking x2  
  148  18:51  Hellbat x2  
  148  18:54  Hellbat  
  150  19:05  Siege Tank  
  127  19:29  Siege Tank x2  
  127  19:30  Hellion x2  
  137  19:34  Viking  
  137  19:35  Battlecruiser x2  
  137  19:37  Siege Tank  
  154  19:38  SCV  
  154  19:39  SCV x2  
  157  19:51  SCV x2  
  153  20:08  Hellbat x4  
  153  20:09  Hellbat  
  131  20:29  Siege Tank x2  
  131  20:30  Siege Tank  
  131  20:39  Hellbat  
  131  20:40  Hellbat  
  117  20:53  Command Center  
  117  20:55  Banshee x2  
  114  20:58  SCV x3  
  114  21:01  Siege Tank x2  
  114  21:02  Siege Tank  
  117  21:06  Hellion  
  117  21:07  Hellion  
  117  21:10  SCV x3  
  124  21:28  Hellion  
  124  21:33  Siege Tank x2  
  124  21:34  Siege Tank  
  124  21:38  Banshee  
  136  21:44  Banshee  
  137  21:55  Hellbat x2  
  137  21:56  SCV x2  
  135  22:01  Orbital Command  
  135  22:05  Siege Tank x2  
  135  22:07  Hellbat  
  143  22:08  SCV  
  144  22:16  Hellbat x2  
Show
View Real Time Build Order
Export as new Build Order

anfree Terran 

Build Orders: Bio Tank, MMM Bio 

Get SALT Encoding   

  12  0:01  SCV  
  13  0:13  SCV  
  14  0:23  Supply Depot  
  14  0:25  SCV  
  15  0:45  SCV  
  15  0:46  Barracks  
  16  0:57  SCV  
  17  1:09  SCV  
  18  1:21  SCV  
  19  1:34  Marine  
  19  1:35  Supply Depot, Orbital Command  
  20  1:40  Refinery  
  20  1:48  Refinery  
  20  1:52  Marine  
  21  2:03  Command Center, SCV  
  22  2:09  Marine  
  22  2:15  SCV  
  24  2:22  Barracks  
  24  2:27  SCV, Marine  
  26  2:32  Supply Depot  
  26  2:39  SCV  
  27  2:47  Marine  
  28  2:54  Factory  
  28  2:57  SCV  
  29  3:05  Marine  
  30  3:09  SCV  
  30  3:11  Supply Depot  
  31  3:23  Barracks Reactor, Orbital Command  
  31  3:34  Marine  
  31  3:35  SCV  
  31  3:37  Supply Depot  
  31  3:39  Engineering Bay  
  31  3:40  Factory Tech Lab  
  33  3:42  Starport  
  33  3:47  SCV  
  34  3:52  Marine  
  34  3:53  SCV  
  36  3:59  SCV  
  36  4:02  Siege Tank  
  40  4:03  Marine x2  
  42  4:10  Missile Turret  
  42  4:14  Barracks Tech Lab  
  42  4:19  SCV  
  42  4:21  Marine x2  
  45  4:28  Missile Turret  
  45  4:29  Viking  
  47  4:34  Stimpack  
  47  4:39  Marine x2  
  47  4:40  Widow Mine  
  47  4:42  SCV  
  47  4:43  SCV  
  47  4:45  Terran Infantry Weapons Level 1  
  53  4:47  Supply Depot  
  53  4:49  Marine  
  54  4:54  SCV, Orbital Command  
  54  4:56  Barracks  
  54  4:57  Marine  
  55  5:09  Medivac  
  57  5:16  Siege Tank, Missile Turret  
  57  5:18  Marine  
  57  5:19  Marine x2  
  63  5:22  SCV  
  64  5:29  SCV  
  64  5:31  Supply Depot  
  65  5:37  Marine  
  66  5:43  Medivac  
  66  5:48  Barracks Reactor  
  68  6:06  Marine x2  
  68  6:09  Command Center  
  70  6:16  Refinery, Starport Reactor  
  70  6:18  Refinery  
  70  6:26  Barracks  
  70  6:27  Barracks  
  70  6:35  SCV  
  70  6:36  SCV, Marine x2  
  70  6:39  Combat Shields  
  74  6:41  Terran Infantry Armor Level 1  
  74  6:44  Armory  
  74  6:47  Supply Depot  
  74  6:48  SCV x2  
  76  6:55  Medivac  
  76  6:57  Marine x2  
  76  6:58  Marine x2  
  76  7:00  SCV x2  
  84  7:06  Missile Turret  
  84  7:08  Medivac  
  86  7:09  Marine  
  86  7:12  SCV x2  
  86  7:15  Barracks Reactor, Marine  
  89  7:17  Barracks Reactor  
  89  7:21  Marine x3  
  93  7:24  SCV  
  93  7:27  Marine  
  93  7:29  Orbital Command  
  95  7:33  Marine  
  95  7:34  Siege Tank  
  99  7:40  Engineering Bay  
  99  7:44  SCV x2  
  101  7:48  Missile Turret  
  101  7:52  Marine  
  101  7:56  SCV x2  
  104  7:59  SCV  
  104  8:02  Marine x3  
  108  8:08  SCV  
  109  8:16  Supply Depot  
  109  8:22  Supply Depot x2  
  109  8:27  Marine x2  
  109  8:28  SCV, Marine  
  109  8:29  SCV  
  109  8:30  SCV, Marine  
  109  8:31  Marine  
  109  8:32  Siege Tank  
  106  8:34  Marine  
  106  8:35  Marine x3  
  106  8:40  SCV  
  106  8:41  SCV, Medivac  
  109  8:42  SCV  
  109  8:45  Marine x2  
  109  8:46  Marine  
  114  8:48  Marine  
  114  8:49  Marine  
  114  8:52  SCV, Marine  
  114  8:53  SCV, Marine x3  
  114  8:54  SCV, Medivac  
  125  9:02  Marine  
  125  9:03  Marine  
  125  9:04  SCV, Marine  
  125  9:05  Siege Tank  
  125  9:06  Marine  
  133  9:13  Supply Depot  
  133  9:14  Terran Infantry Weapons Level 2, Terran Infantry Armor Level 2  
  133  9:15  Supply Depot  
  133  9:16  Terran Vehicle And Ship Armor Level 1  
  133  9:20  Supply Depot  
  133  9:35  Marine x8  
  133  9:36  Marine  
  133  9:37  Siege Tank  
  145  9:48  Medivac x2  
  149  9:52  Marine x8  
  149  9:57  Supply Depot  
  157  10:00  Supply Depot  
  157  10:01  Barracks  
  157  10:02  Barracks  
  157  10:06  Factory  
  157  10:09  Refinery  
  157  10:10  Refinery  
  157  10:12  SCV, Marine  
  157  10:13  Factory  
  127  10:24  Marine x8  
  103  10:30  Marine  
  101  10:41  Marine  
  101  10:42  Marine x7  
  103  10:48  Marine  
  101  10:50  Factory Tech Lab  
  101  10:51  Barracks Reactor  
  101  10:52  Barracks Reactor  
  101  10:59  Marine x3  
  101  11:00  Marine x5  
  109  11:04  SCV  
  109  11:05  SCV x2  
  109  11:06  Marine  
  113  11:13  Factory Tech Lab  
  113  11:17  SCV x3, Marine x8  
  124  11:18  Siege Tank  
  124  11:19  Siege Tank  
  124  11:23  Marine  
  131  11:29  SCV  
  131  11:30  Medivac x2  
  136  11:35  Marine  
  136  11:37  Marine x2  
  136  11:38  Marine  
  140  11:40  Marine x2  
  140  11:41  Marine  
  143  11:47  Siege Tank  
  143  11:51  Siege Tank  
  149  12:00  Medivac  
  151  12:05  Siege Tank  
  151  12:06  Medivac  
  151  12:07  Marine x2  
  151  12:08  Marine x6  
  161  12:13  Marine x4  
  161  12:14  Marine  
  169  12:16  Terran Infantry Weapons Level 3  
  109  12:37  Marine x9  
  109  12:38  Marine x3  
  118  12:46  Marine  
  109  12:55  Marine x10  
  112  12:58  Marine  
  112  12:59  Marine  
  112  13:04  Marine  
  111  13:17  Marine  
  111  13:18  Marine x3  
  115  13:23  Marine  
  116  13:32  Orbital Command  
  116  13:38  Terran Infantry Armor Level 3  
  116  13:45  Siege Tank  
  119  13:51  Marine x4  
  123  13:58  Marine x3  
  123  14:00  Siege Tank  
  129  14:08  Siege Tank  
  132  14:13  Marine x5  
  137  14:17  Siege Tank  
  137  14:20  Missile Turret  
  140  14:38  Marine x12  
  118  14:53  Marine  
  118  14:55  Marine  
  118  14:56  Marine x11  
  104  15:11  Marine  
  104  15:13  Marine x3  
  104  15:14  Marine x9  
  110  15:18  Medivac x2  
  121  15:28  Siege Tank  
  124  15:29  Marine  
  124  15:31  Marine x6  
  124  15:32  Marine  
  124  15:35  Marine x2  
  134  15:40  Marine  
  134  15:41  Marine x2  
  128  15:47  Marine  
  128  15:48  Medivac  
  128  15:49  Marine x6  
  127  16:07  Siege Tank  
  127  16:08  Siege Tank  
  127  16:09  Siege Tank  
  131  16:19  Marine x12  
  131  16:20  Marine  
  143  16:30  Medivac  
  143  16:31  Medivac  
  145  16:37  Marine x10  
  145  16:39  Siege Tank  
  158  16:40  Siege Tank  
  158  16:41  Siege Tank, Marine x3  
  165  16:54  Marine  
  165  17:00  Medivac  
  158  17:02  Marine x8  
  158  17:03  Marine x3  
  158  17:08  Marine  
  166  17:09  Orbital Command  
  166  17:12  Siege Tank, Marine  
  170  17:20  Marine x4  
  147  17:23  Marine  
  147  17:24  Marine x3  
  135  17:49  Marine x3  
  135  17:50  Marine x2  
  116  18:05  Marine  
  116  18:06  Marine x7  
  116  18:11  Orbital Command  
  116  18:12  Marine x3  
  127  18:18  Marine x2  
  129  18:21  Medivac  
  131  18:28  Marine x3  
  134  18:40  Marine x10  
  143  18:42  Siege Tank  
  143  18:45  Marine  
  146  19:04  Marine  
  146  19:05  Marine x12  
  146  19:07  Siege Tank  
  146  19:08  Medivac  
  143  19:22  Marine x2  
  143  19:24  Marine  
  114  19:31  Medivac  
  116  19:38  Medivac  
  116  19:39  Siege Tank x2  
  116  19:42  Marine x9  
  133  19:58  Marine x2  
  133  19:59  Marine  
  129  20:09  Marine  
  129  20:10  Marine x9  
  134  20:16  Marine x3  
  124  20:27  Marine x5  
  124  20:28  Marine x5  
  134  20:34  Marine x2  
  131  20:36  Marine  
  130  20:45  Marine x10  
  128  20:52  Marine x2  
  128  20:54  Marine  
  104  21:03  Marine x10  
  103  21:09  Marine  
  103  21:10  Marine  
  101  21:12  Marine  
  101  21:17  Medivac x2  
  103  21:21  Marine x10  
  113  21:26  Siege Tank  
  113  21:27  Marine  
  112  21:38  Marine  
  112  21:39  Marine x8  
  100  21:40  Siege Tank  
  102  21:47  Medivac x2  
  73  21:58  Marine  
  73  21:59  Marine x5  
  45  22:09  Marine x2  
Tags
 
Add a new tag
Caveats
  • Supply blocks, unpowered buildings, or Contaminate may cause inaccurate times.
  • Supply counts are checked every 10 seconds.